 Dungeon Crawl Stone Soup version 0.30-a0-570-g486de37d69 (webtiles) character file.

Game seed: 18282701906328887177

6023 M4edhros the Martial Artist (level 10, -8/68 HPs)
             Began as an Octopode Artificer on Dec 29, 2022.
             Was a High Priest of Cheibriados.
             Mangled by a hornet (9 damage)
             ... while paralysed by a hornet
             ... on level 8 of the Dungeon.
             The game lasted 00:30:49 (4226 turns).

M4edhros the Martial Artist (Octopode Artificer)    Turns: 4226, Time: 00:30:50

Health: -8/68      AC:  1    Str: 23    XL:     10   Next: 86%
Magic:  14/14      EV:  2    Int: 25    God:    Cheibriados [*****.]
Gold:   419        SH:  0    Dex: 27    Spells: 9/9 levels left

rFire   . . .      SeeInvis .      - Unarmed
rCold   + . .      Faith    .    y - +0 kite shield
rNeg    . . .      Spirit   .    (helmet restricted)
rPois   .          Reflect  .    a - amulet of regeneration
rElec   .          Harm     .    c - ring of protection from cold
rCorr   +          Rampage  .    G - ring of resist corrosion
Will    .....                    (no ring)
Stlth   ++++                     (no ring)
HPRegen 1.11/turn                (no ring)
MPRegen 0.14/turn                (no ring)
                                 (no ring)
                                 (no ring)

@: paralysed, lethally poisoned (-8 -> -9), slowed, very slow
A: almost no armour, amphibious, 8 rings, camouflage 1, gelatinous body 1,
(nimble swimmer 1), tentacles
a: Renounce Religion, Bend Time, Temporal Distortion, Slouch, Step From Time


You were on level 8 of the Dungeon.
You worshipped Cheibriados.
Cheibriados was extremely pleased with you.
You visited 2 branches of the dungeon, and saw 9 of its levels.
You also visited: Sewer and Bailey.

You collected 419 gold pieces.

Inventory:

Missiles
 k - 7 poisoned darts
 n - 8 stones (quivered)
 q - 28 javelins
 x - 7 boomerangs
Armour
 y - a +0 kite shield (worn)
 C - a +0 tower shield
Jewellery
 a - an amulet of regeneration (around mantle)
 c - a ring of protection from cold (left tentacle)
 G - a ring of resist corrosion (right tentacle)
Wands
 d - a wand of mindburst (9)
 f - a wand of acid (9)
Scrolls
 e - 2 scrolls of fear {unknown}
 h - a scroll of torment {unknown}
 i - 3 scrolls of fog {unknown}
 l - 2 scrolls of enchant armour {unknown}
 o - 4 scrolls of amnesia
 p - 3 scrolls of silence {unknown}
 s - 2 scrolls of noise {unknown}
 u - 2 scrolls of enchant weapon {unknown}
 z - 3 scrolls of teleportation
 A - a scroll of blinking {unknown}
 B - 2 scrolls of magic mapping {unknown}
 E - 2 scrolls of poison {unknown}
 F - a scroll of vulnerability {unknown}
Potions
 b - a potion of curing
 g - 2 potions of lignification
 j - 2 potions of attraction
 m - a potion of ambrosia {unknown}
 r - a potion of berserk rage {unknown}
 t - a potion of might
 v - a potion of invisibility {unknown}
 w - a potion of heal wounds
 D - a potion of mutation {unknown}


   Skills:
 + Level 5.9 Fighting
 + Level 6.3 Dodging
 - Level 3.7 Stealth
 * Level 7.5 Shields
 * Level 8.3 Unarmed Combat
 * Level 6.4 Invocations
 - Level 5.5 Evocations


You had 9 spell levels left.
You didn't know any spells.
Your spell library contained the following spells:

 Spells                   Type           Power      Damage    Failure   Level
 Summon Small Mammal      Summ           0%         N/A       34%         1
 Call Canine Familiar     Summ           0%         N/A       71%         3
 Gell's Gravitas          Tloc           0%         N/A       71%         3
 Summon Guardian Golem    Hex/Summ       0%         N/A       71%         3
 Teleport Other           Tloc           0%         N/A       71%         3
 Dispersal                Tloc           0%         N/A       100%        6


Dungeon Overview and Level Annotations

Branches:
Dungeon (8/15)             Temple (1/1) D:4           Sewer (visited)
 Bailey (visited)
   Lair: D:8-11

Altars:
Cheibriados
Elyvilon
Fedhas
Okawaru
Ru
Trog
Uskayaw
Wu Jian
Xom
Zin
The Shining One

Annotations:
D:5 Edmund
D:8 Grum, Joseph, Psyche


Innate Abilities, Weirdness & Mutations

You cannot wear most types of armour.
You are amphibious.
You can wear up to eight rings at the same time.
Your skin changes colour to match your surroundings (Stealth+).
Your rubbery body absorbs attacks. (AC +1, EV +1)
((You are camouflaged when in or above water. (Stealth+)))
You have tentacles for arms and can constrict up to eight enemies at once.


Message History

Throw: 9 stones
Press: ? - help, Q - select action, (/) - cycle Shift-Dir - straight line, f/p - hornet
Aim: a hornet (wandering, hasn't noticed you, 55% to hit)
Your line of fire to the hornet is blocked by a fungus.
The hornet buzzes angrily.
Items here: ) †††.
Throw: 9 stones
Press: ? - help, Q - select action, (/) - cycle Shift-Dir - straight line, f/p - hornet
Aim: a hornet (55% to hit)
You throw a stone.
The stone hits the hornet but does no damage.
The hornet stings you!
You feel yourself slow down.
Aiming: Mindburst
Press: ? - help, Shift-Dir - straight line, f/p - hornet
Aim: a hornet (chance to affect: 76%)
The hornet's mind is blasted!!
You block the hornet's attack.
A sky beast comes into view.
You block the hornet's attack.
The sky beast moves out of view.
Aiming: Mindburst
Press: ? - help, Shift-Dir - straight line, f/p - hornet
Aim: a hornet (severely wounded, chance to affect: 76%)
The hornet barely resists.
You block the hornet's attack. The hornet closely misses you.
You tentacle-slap the hornet. You grab the hornet.
The hornet is almost dead.
You feel yourself speed up.
You constrict the hornet, but do no damage.
The hornet stings you.
You feel yourself slow down. The hornet stings you!!
You suddenly lose the ability to move!
You lose your grip on the hornet.
The hornet stings you.
* * * LOW HITPOINT WARNING * * *
You feel as though you will be slow longer.
The hornet stings you!
* * * LOW HITPOINT WARNING * * *
You are poisoned.
You feel as though you will be slow longer.
You feel sick. The hornet stings you.
* * * LOW HITPOINT WARNING * * *
You shrug off the repeated paralysis!
The hornet stings you!
You die...

##..####.... ##..###....
#...##.... .## ##........
...## #........ .....##
###.......#
..P....#########......####
.P[P....#............##
y.......)@..........##
.P.P....y#....####..#
####P.P..#.###..#.#.#
#...P...# #####.# #
#P.P...## ... ####
#.P.P.## ..##... ..PP...#
####.# .PYP..## #..##
.P.....# #..#


You could see a hornet and a sky beast (wandering).

Vanquished Creatures
  A two-headed ogre (D:7)
  Pikel (D:5)
  Maggie (D:7)
  4 yaks (D:8)
  2 ice beasts (D:6)
  13 orc warriors
  A black bear (D:7)
  3 ogres
  A wolf (D:8)
  10 centaurs
  A kobold brigand (D:8)
  Blork the orc (D:6)
  4 bullfrogs
  2 scorpions
  Dowan (D:6)
  3 killer bees (D:7)
  4 hounds
  A jelly (D:6)
  3 orc priests (D:7)
  Natasha (twice) (D:2)
  4 orc wizards
  Robin (D:2)
  5 adders
  3 gnolls (D:7)
  2 river rats
  A shadow imp (D:8)
  5 worms
  3 dart slugs
  39 orcs
  5 ball pythons
  3 bats
  8 endoplasms
  3 giant cockroaches
  15 goblins
  9 hobgoblins
  5 jackals
  6 quokkas
  5 frilled lizards
  12 kobolds
  24 rats
217 creatures vanquished.

Vanquished Creatures (collateral kills)
  Duvessa (D:6)
  A jelly (D:5)
  An orc wizard (D:5)
  3 orcs (D:6)
6 creatures vanquished.

Vanquished Creatures (others)
  A killer bee (D:7)
  An orc wizard (D:6)
  20 fungi
  6 plants (D:8)
28 creatures vanquished.

Grand Total: 251 creatures vanquished

Notes
Turn   | Place    | Note
-------+----------+-------------------------------------------
     0 | D:1      | M4edhros the Octopode Artificer began the quest for the
                  | Orb.
     0 | D:1      | Reached XP level 1. HP: 13/13 MP: 1/1
   195 | D:3      | Reached XP level 2. HP: 13/18 MP: 2/2
   264 | D:4      | Found a staircase to the Ecumenical Temple.
   273 | Temple   | Entered the Ecumenical Temple
   440 | Temple   | Became a worshipper of Cheibriados the Contemplative
   528 | D:4      | Reached skill level 1 in Unarmed Combat
   678 | D:4      | Reached XP level 3. HP: 17/23 MP: 3/3
   713 | D:4      | Noticed an ogre
   720 | D:4      | Killed an ogre
   721 | D:4      | Reached skill level 2 in Unarmed Combat
   721 | D:4      | Reached XP level 4. HP: 29/29 MP: 4/4
   721 | D:4      | Reached XP level 5. HP: 34/34 MP: 5/5
   784 | D:5      | Entered Level 5 of the Dungeon
   792 | D:5      | Noticed a phantom
  1076 | D:3      | Reached * piety under Cheibriados
  1408 | D:2      | Reached ** piety under Cheibriados
  1505 | D:2      | Noticed Robin
  1516 | D:2      | Killed Robin
  1517 | D:2      | Reached skill level 3 in Unarmed Combat
  1521 | D:2      | Reached XP level 6. HP: 40/40 MP: 6/6
  1566 | D:2      | Noticed Natasha
  1575 | D:2      | Killed Natasha
  1633 | D:2      | Reached *** piety under Cheibriados
  1700 | D:2      | Noticed Natasha
  1707 | D:2      | Killed Natasha
  1913 | D:4      | Reached skill level 1 in Shields
  1964 | D:5      | Noticed Pikel
  1993 | D:5      | Reached XP level 7. HP: 29/45 MP: 7/7
  2000 | D:5      | Killed Pikel
  2001 | D:5      | Reached skill level 4 in Unarmed Combat
  2001 | D:5      | Reached XP level 8. HP: 26/52 MP: 8/8
  2029 | D:5      | Reached skill level 5 in Evocations
  2043 | D:5      | Noticed Edmund
  2077 | D:6      | Reached **** piety under Cheibriados
  2127 | D:6      | Found a glowing drain.
  2147 | Sewer    | Entered a sewer
  2452 | D:6      | Reached skill level 5 in Unarmed Combat
  2483 | D:6      | Reached ***** piety under Cheibriados
  2648 | D:6      | Noticed Dowan
  2649 | D:6      | Noticed Duvessa
  2660 | D:6      | Killed Duvessa
  2663 | D:6      | Killed Dowan
  2761 | D:7      | Noticed a two-headed ogre
  2766 | D:7      | Reached skill level 1 in Invocations
  2769 | D:7      | HP: 2/81 [two-headed ogre/+0 giant club (3)]
  2770 | D:7      | Killed a two-headed ogre
  2771 | D:7      | Reached skill level 5 in Dodging
  2771 | D:7      | Reached skill level 5 in Shields
  2771 | D:7      | Reached skill level 6 in Unarmed Combat
  2771 | D:7      | Reached XP level 9. HP: 3/59 MP: 3/11
  2906 | D:7      | Noticed Maggie
  2929 | D:7      | Killed Maggie
  2965 | D:7      | Found a flagged portal.
  2974 | Bailey   | Entered a bailey
  3205 | Bailey   | Reached skill level 5 in Fighting
  3242 | Bailey   | Reached skill level 7 in Unarmed Combat
  3347 | Bailey   | Reached XP level 10. HP: 66/66 MP: 7/13
  3348 | Bailey   | Reached skill level 5 in Invocations
  3552 | Bailey   | Acquired an amulet of regeneration
  3896 | D:6      | Found an iron altar of Okawaru.
  3897 | D:6      | Found a glowing silver altar of Zin.
  3902 | D:6      | Noticed Blork the orc
  3908 | D:6      | Killed Blork the orc
  4043 | D:8      | Noticed Grum
  4050 | D:8      | Noticed Joseph
  4051 | D:8      | Reached skill level 8 in Unarmed Combat
  4123 | D:8      | Noticed Psyche
  4224 | D:8      | Paralysed by a hornet for 3 turns
  4226 | D:8      | HP: 1/68 [hornet (4)]
  4226 | D:8      | Mangled by a hornet

Illustrated notes

Levels and vault maps discovered:
D:1:      dreamdust_arrival_beginning_and_end, layout_basic,
          dreamdust_ecumenical_altar_angels_and_demons, nicolae_hexahallways
D:2:      layout_rooms, minmay_misc_feat_ornament, uniq_natasha, uniq_robin
D:3:      layout_loops_cross, serial_shops, shop, minmay_circle_x
D:4:      nicolae_cairo_tiling_large_dashed, layout_loops_corners,
          minmay_temple_entry_sparse_star
D:5:      layout_gridville, uniq_pikel, uniq_edmund
D:6:      layout_basic, mainiacjoe_overflow_divided_tiny, gup_sewer_entry_pipe,
          uniq_blork_the_orc, uniq_duvessa
D:7:      layout_rooms, enter_bailey_8, water_boxes_lemuel, uniq_maggie
D:8:      layout_layer_cave, grunt_lair_entry_orc_guard_hut, uniq_grum,
          uniq_joseph, uniq_psyche, uniq_maurice
Temple:   mainiacjoe_temple_cubbyholes

Skill      XL: |  1  2  3  4  5  6  7  8  9 10 |
---------------+-------------------------------+-----
Unarmed Combat | 1 2 3 4 6 7 8 |  8.3
Stealth        | 2 3 |  3.7
Fighting       | 2 3 4 5 |  5.9
Dodging        | 3 4 5 6 |  6.3
Evocations     | 4 5 |  5.5
Shields        | 1 3 5 6 7 |  7.5
Invocations    | 2 4 6 |  6.4

Action                   |  1- 3 |  4- 6 |  7- 9 | 10-12 || total
-------------------------+-------+-------+-------+-------++-------
Melee: Unarmed           |    32 |   115 |   170 |   125 ||   442
       Constrict         |     8 |    32 |    36 |    25 ||   101
       Tentacles         |     6 |    33 |    32 |    30 ||   101
       Punch             |       |     1 |    14 |     4 ||    19
Throw: Stone             |       |       |    40 |     2 ||    42
       Boomerang         |       |       |    20 |    73 ||    93
       Dart              |       |       |     6 |    14 ||    20
Invok: Slouch            |       |       |     2 |     3 ||     5
Evoke: Wand              |     9 |    11 |    17 |     4 ||    41
  Use: Potion            |       |     1 |     9 |     1 ||    11
       Scroll            |       |       |     4 |     2 ||     6
 Stab: Sleeping          |     5 |    15 |     9 |     1 ||    30
       Distracted        |       |     1 |     1 |       ||     2
       Betrayed ally     |       |     1 |       |       ||     1
Armor: Skin              |     3 |     6 |    17 |     5 ||    31
Dodge: Dodged            |    19 |    67 |    94 |    89 ||   269
Block: Kite shield       |       |    11 |   109 |   107 ||   227

Table legend: (Time is in decaauts)
 A = Elapsed time spent in this place.
 B = Non-inter-level travel time spent in this place.
 C = Inter-level travel time spent in this place.
 D = Time resting spent in this place.
 E = Time spent auto-exploring this place.
 F = Levels seen in this place.
 G = Mean time per level.
                   A        B        C        D        E       F      G
               +--------+--------+--------+--------+--------+-----+--------+
         Total |   5877 |   5480 |    397 |    202 |    673 |  11 |  534.3 |
       Dungeon |   4105 |   3814 |    291 |    202 |    427 |   8 |  513.1 |
        Temple |    273 |    168 |    105 |      0 |    141 |   1 |  273.0 |
         Sewer |    453 |    453 |      0 |      0 |    105 |   1 |  453.0 |
        Bailey |   1044 |   1044 |      0 |      0 |      0 |   1 | 1044.0 |
               +--------+--------+--------+--------+--------+-----+--------+

Top non-repeatable levels by time:
  Bailey: 1044 daAuts
     D:7: 703 daAuts
     D:6: 646 daAuts
     D:4: 641 daAuts
     D:2: 495 daAuts
     D:3: 476 daAuts
   Sewer: 453 daAuts
     D:5: 408 daAuts
     D:1: 367 daAuts
     D:8: 366 daAuts
  Temple: 273 daAuts
